[ AOE2 MATCH · #478000600 ]
UnrankedTurks vs Wei
Player's team · LOSS
[ REPLAY ANALYSIS · EXTRACTED FROM THE RECORDED GAME ]
Feudal
—
Castle
—
Imperial
—
| APM avg | 56.1 |
| APM peak | 87 |
| eAPM avg | 27.3 |
| Villagers / military | 0 / 0 |
Focus
⚔️ 100.0% · 🌾 0.0%
Feudal
—
Castle
—
Imperial
—
| APM avg | 104.3 |
| APM peak | 164 |
| eAPM avg | 76.1 |
| Villagers / military | 0 / 0 |
Focus
⚔️ 100.0% · 🌾 0.0%
Feudal
—
Castle
—
Imperial
—
| APM avg | 38.2 |
| APM peak | 79 |
| eAPM avg | 13.4 |
| Villagers / military | 0 / 0 |
Focus
⚔️ 100.0% · 🌾 0.0%
Feudal
—
Castle
—
Imperial
—
| APM avg | 40.3 |
| APM peak | 102 |
| eAPM avg | 23.4 |
| Villagers / military | 0 / 60 |
Focus
⚔️ 97.9% · 🌾 2.1%
Archer ×60
Feudal
—
Castle
—
Imperial
—
| APM avg | 55.6 |
| APM peak | 85 |
| eAPM avg | 43.8 |
| Villagers / military | 0 / 0 |
Focus
⚔️ 99.8% · 🌾 0.2%
Feudal
—
Castle
—
Imperial
—
| APM avg | 47.9 |
| APM peak | 92 |
| eAPM avg | 20.0 |
| Villagers / military | 0 / 0 |
Focus
⚔️ 100.0% · 🌾 0.0%
Feudal
—
Castle
—
Imperial
—
| APM avg | 3.9 |
| APM peak | 12 |
| eAPM avg | 2.2 |
| Villagers / military | 0 / 0 |
Focus
⚔️ 100.0% · 🌾 0.0%
Feudal
—
Castle
—
Imperial
—
| APM avg | 8.5 |
| APM peak | 24 |
| eAPM avg | 3.5 |
| Villagers / military | 0 / 0 |
Focus
⚔️ 100.0% · 🌾 0.0%
Match map
Initial resources + every placement click. Lines = walls · curves = elevation contours. ◆ gold · ⬟ stone · ● berries · ✦ relic · ◌ wall gap
Your base· Open
twitch.tv/Cengo_AoE's base· Open
小山's base· Open
[SWRD] OverGame's base· ✓ Map-separated
[SWRD] Infected_Nation's base· Open
Alpha's base· ✓ Map-separated
spideramos's base· Open
garciamendozaangel's base· Open
Smoothed initial terrain · ◌ = detected wall gap · hover for details
Inputs per minute
— LiLi - - twitch.tv/Cengo_AoE
Build order — LiLi
0 actions detected in the replay
Build order — twitch.tv/Cengo_AoE
0 actions detected in the replay
Build order — 小山
18 actions detected in the replay
| 7:53 | Build | Stable |
| 7:54 | Build | Stable |
| 8:30 | Build | Stable |
| 8:33 | Build | Stable |
| 8:34 | Build | Stable |
| 8:35 | Build | Stable |
| 8:36 | Build | Stable |
| 8:39 | Build | Stable |
| 8:40 | Build | Stable |
| 8:41 | Build | Stable |
| 8:42 | Build | Stable |
| 8:43 | Build | Stable |
| 8:45 | Build | Stable |
| 8:46 | Build | Stable |
| 8:47 | Build | Stable |
| 8:49 | Build | Stable |
| 8:53 | Build | Stable |
| 8:54 | Build | Stable |
Build order — [SWRD] OverGame
45 actions detected in the replay
| 6:15 | Build | Barracks |
| 7:08 | Build | Archery Range |
| 7:09 | Build | Archery Range |
| 7:11 | Build | Archery Range |
| 7:16 | Build | Archery Range |
| 7:18 | Build | Archery Range |
| 7:20 | Build | Archery Range |
| 7:21 | Build | Archery Range |
| 7:22 | Build | Archery Range |
| 9:57 | Build | Archery Range |
| 9:58 | Build | Archery Range |
| 10:00 | Build | Archery Range |
| 10:01 | Build | Archery Range |
| 10:04 | Build | Archery Range |
| 10:09 | Build | Stable |
| 10:10 | Build | Stable |
| 10:11 | Build | Stable |
| 10:13 | Build | Stable |
| 10:15 | Build | Stable |
| 10:22 | Research | Thumb Ring |
| 10:22 | Research | Crossbowman (upgrade) |
| 10:24 | Create | Archer ×5 |
| 10:24 | Create | Archer ×5 |
| 10:25 | Create | Archer ×5 |
| 10:28 | Create | Archer ×5 |
| 10:28 | Create | Archer ×5 |
| 10:28 | Create | Archer ×5 |
| 10:28 | Create | Archer ×5 |
| 10:28 | Create | Archer ×5 |
| 10:28 | Create | Archer ×5 |
| 10:28 | Create | Archer ×5 |
| 10:28 | Create | Archer ×5 |
| 10:28 | Create | Archer ×5 |
| 10:57 | Research | Arson |
| 10:57 | Research | Arson |
| 16:12 | Research | Husbandry |
| 16:13 | Research | Light Cavalry (upgrade) |
| 16:23 | Build | Outpost |
| 16:27 | Build | Outpost |
| 16:28 | Build | Outpost |
| 16:28 | Build | Outpost |
| 16:29 | Build | Outpost |
| 16:29 | Build | Outpost |
| 16:29 | Build | Outpost |
| 16:30 | Build | Outpost |
Build order — [SWRD] Infected_Nation
34 actions detected in the replay
| 8:50 | Build | Stable |
| 8:51 | Build | Stable |
| 8:52 | Build | Stable |
| 8:53 | Build | Stable |
| 8:56 | Build | Stable |
| 8:59 | Build | Stable |
| 9:00 | Build | Stable |
| 9:01 | Build | Stable |
| 9:03 | Build | Stable |
| 9:04 | Build | Stable |
| 9:07 | Build | Stable |
| 9:08 | Build | Stable |
| 9:09 | Build | Stable |
| 9:09 | Build | Stable |
| 9:10 | Build | Stable |
| 10:00 | Research | Bloodlines |
| 10:07 | Build | Stable |
| 10:08 | Build | Stable |
| 10:09 | Build | Stable |
| 10:11 | Build | Stable |
| 10:12 | Build | Stable |
| 10:36 | Research | Chain Barding Armor |
| 10:37 | Research | Iron Casting |
| 10:38 | Research | Chain Mail Armor |
| 10:38 | Research | Bodkin Arrow |
| 10:39 | Research | Leather Archer Armor |
| 10:40 | Research | Treadmill Crane |
| 10:41 | Research | Ballistics |
| 10:42 | Research | Guard Tower (upgrade) |
| 10:42 | Research | Tech 909 |
| 10:43 | Research | Tech 908 |
| 10:44 | Research | Tech 1404 |
| 10:47 | Research | Husbandry |
| 14:04 | Research | Light Cavalry (upgrade) |
Build order — Alpha
0 actions detected in the replay
Build order — spideramos
0 actions detected in the replay
Build order — garciamendozaangel
0 actions detected in the replay
Match timeline
| 6:15 | [SWRD] OverGame · first_building Barracks |
| 7:08 | [SWRD] OverGame · first_building Archery Range |
| 7:53 | 小山 · first_building Stable |
| 8:50 | [SWRD] Infected_Nation · first_building Stable |
| 10:09 | [SWRD] OverGame · first_building Stable |
| 14:06 | spideramos · resign |
[ AI ANALYSIS · 1 CREDIT ]
What really happened in this match?
Wolo.gg analyzes every decision: build order, eco, micro, common mistakes by bracket. Personalized analysis on WhatsApp or Discord in 30 seconds.
Civ guide
Turks
Map guide
CBA_=REQUIEM=_V292 (Scenario)
Perfil
Jugador #25035583